 Dungeon Crawl Stone Soup version 0.17.0-7-gfadd4cc (webtiles) character file.

11959 Ijustatesigmund the Cleaver (level 11, -1/97 HPs)
             Began as a Minotaur Berserker on Nov 8, 2015.
             Was a High Priest of Trog.
             Shot with an arrow by a centaur warrior (13 damage)
             ... on level 11 of the Dungeon.
             The game lasted 00:31:23 (10191 turns).

Ijustatesigmund the Cleaver (Minotaur Berserker)   Turns: 10191, Time: 00:31:23

Health: -1/97      AC: 15    Str: 27    XL:     11   Next: 56%
Magic:  16/19      EV: 16    Int:  4    God:    Trog [*****.]
Gold:   520        SH:  0    Dex: 16    Spells: 0 memorised, 10 levels left

rFire  . . .     SeeInvis .     I - +1 hand crossbow "Ycez Bul" {elec, rC+ MP+9 Str+4 Dex+4}
rCold  + . .     Clarity  .     y - +0 chain mail
rNeg   . . .     SustAt   .     (no shield)
rPois  .         Gourm    +     J - +1 hat
rElec  .         Spirit   .     (no cloak)
rCorr  .         Warding  .     i - +0 pair of gloves
rMut   .         Stasis   .     t - +1 pair of boots
MR     +....                    b - amulet of the gourmand
Stlth  ..........               G - +3 ring of evasion
                                k - ring of protection from magic

@: somewhat resistant to hostile enchantments, extremely unstealthy
A: retaliatory headbutt, horns 2
a: Berserk, Trog's Hand, Brothers in Arms, Burn Spellbooks, Renounce Religion


You were on level 11 of the Dungeon.
You worshipped Trog.
Trog was extremely pleased with you.
You were full.

You visited 2 branches of the dungeon, and saw 12 of its levels.
You also visited: Ossuary.

You collected 741 gold pieces.
You spent 221 gold pieces at shops.

Inventory:

Hand Weapons
 F - a +4 battleaxe of venom
 I - the +1 hand crossbow "Ycez Bul" (weapon) {elec, rC+ MP+9 Str+4 Dex+4}
   (You bought it in a shop on level 10 of the Dungeon)

   It charges the ammunition it shoots with electricity; occasionally upon a
   hit, such missiles may discharge and cause terrible harm.
   It affects your strength (+4).
   It affects your dexterity (+4).
   It protects you from cold.
   It affects your magic capacity (+9).
Missiles
 H - 2 throwing nets
 L - 7 javelins
 Q - 6 bolts (quivered)
 R - 12 silver bolts
Armour
 i - a +0 pair of gloves (worn)
 t - a +1 pair of boots (worn)
 y - a +0 chain mail (worn)
 J - a +1 hat (worn)
 O - a +0 buckler
Jewellery
 b - an amulet of the gourmand (around neck)
 e - an uncursed amulet of guardian spirit
 k - a ring of protection from magic (left hand)
 s - an uncursed amulet of resist mutation
 D - an uncursed amulet of resist corrosion
 G - a +3 ring of evasion (right hand)
Wands
 r - a wand of magic darts (30)
 C - a wand of enslavement (5)
 N - a wand of disintegration (14)
Scrolls
 c - a scroll of magic mapping
 d - 4 scrolls of blinking
 g - 2 scrolls of recharging
 w - a scroll of random uselessness
 E - 5 scrolls of remove curse
 K - a scroll of teleportation
Potions
 f - 2 potions of resistance
 h - 2 potions of haste {unknown}
 j - 2 potions of heal wounds
 l - 4 potions of lignification
 m - 6 potions of curing
 n - a potion of mutation
 o - 2 potions of brilliance
 p - 2 potions of agility
 q - a potion of poison {unknown}
 z - a potion of invisibility {unknown}
 A - a potion of flight {unknown}
 M - a potion of magic {unknown}
Comestibles
 a - 4 beef jerkies
 u - 5 meat rations
 x - 7 fruits
 B - 4 bread rations


   Skills:
 - Level 9.2 Fighting
 - Level 13.7 Axes
 + Level 10.4 Crossbows
 - Level 7.5 Armour
 - Level 7.0 Dodging


You had 10 spell levels left.
You didn't know any spells.

Dungeon Overview and Level Annotations

Branches:
Dungeon (11/15)            Temple (1/1) D:6            Lair (0/8) D:11
    Orc (0/4) D:10

Altars:
Ashenzari
Cheibriados
Dithmenos
Elyvilon
Fedhas
Gozag
Kikubaaqudgha
Makhleb
Nemelex Xobeh
Okawaru
Qazlal
Ru
Sif Muna
Trog
Vehumet
Xom
Yredelemnul
Zin
The Shining One

Shops:
D:10 (


Innate Abilities, Weirdness & Mutations

You reflexively headbutt those who attack you in melee.
You have a pair of horns on your head.


Message History

You shoot a bolt. The bolt hits the centaur warrior!
There is a sudden explosion of sparks!
The centaur warrior is severely wounded.
The centaur warrior shoots an arrow.
The arrow hits you!!
* * * LOW HITPOINT WARNING * * *
You are too injured to fight recklessly!
You are too injured to fight recklessly!
Firing (i - inventory. (,) - cycle):
Q - 7 bolts (quivered)
Press: ? - help, Shift-Dir - straight line, f/p - centaur warrior
Aim: a centaur warrior, wielding a shortbow and wearing a robe (severely wounded)
You shoot a bolt. The bolt hits the centaur warrior.
The centaur warrior is severely wounded.
The centaur warrior shoots an arrow.
The arrow hits you!
* * * LOW HITPOINT WARNING * * *
The centaur warrior shoots an arrow.
The arrow barely misses you.
Read which item? (? for menu, Esc to quit)
As you read the scroll of fog, it crumbles to dust.
The scroll dissolves into smoke.
The centaur warrior shoots an arrow.
The arrow hits you!
You die...

.............†.........###..###..
...(......c............# ##..#...
#.#.#.#...............## ##..#...
......................# ##..##...
###'###...............###..##....
##...#######.#.........##..##....
#)).# #......(.....##..#....
##'## ##..§§§......###......
#8)8# #..§@§.....## ##.....


.oooo.. #..§§§.....# ##.[... #ooo..## #..........# #...... ##.c.## #.....#....##
#...... #oo.# #...†......)# #...... ooo.. #...........###...... oo...
#...###.......#<..... #...###....)......... #..###.##..###....... You could see
a centaur warrior.

Vanquished Creatures
  2 centaur warriors (D:11)
  The ghost of dorian the Schismatic, a novice DsAK of Lugonu (D:8)
  2 hill giants
  An ugly thing (D:11)
  A gargoyle (D:10)
  2 two-headed ogres
  2 trolls (D:11)
  Grinder (D:4)
  A deep elf fighter (D:11)
  A deep elf mage (D:11)
  3 yaks (D:11)
  Eustachio (D:4)
  2 wyverns (D:9)
  A hippogriff (D:7)
  Edmund (D:4)
  Duvessa (D:4)
  6 orc warriors
  3 sky beasts
  5 ogres
  2 phantoms
  2 ice beasts
  A wasp (D:11)
  9 centaurs
  A big kobold (D:8)
  A brain worm (D:11)
  2 elf zombies (Ossuary)
  Dowan (D:4)
  7 giant frogs
  A gnoll sergeant (D:6)
  A scorpion (D:7)
  3 killer bees (D:11)
  10 wights
  A jelly (D:6)
  4 crimson imps (D:7)
  A giant frog zombie (D:6)
  4 hounds
  A human zombie (Ossuary)
  2 centaur zombies
  2 giant frog skeletons
  18 orc wizards
  4 orc priests
  3 iguanas
  A quasit (D:9)
  6 worker ants
  A big kobold zombie (Ossuary)
  A hound zombie (D:11)
  3 mummies
  2 hound skeletons
  15 gnolls
  15 adders
  4 shadow imps
  2 worms (D:2)
  5 adder skeletons (D:2)
  An adder zombie (D:5)
  6 giant geckos
  30 orcs
  A bat skeleton (D:2)
  2 bat zombies (D:2)
  6 giant cockroaches
  5 goblins
  8 hobgoblins
  10 jackals
  8 kobolds
  A ball python (D:6)
  10 bats
  A giant gecko zombie (D:5)
  3 giant newts
  A goblin zombie (Ossuary)
  12 hobgoblin zombies (Ossuary)
  A jackal zombie (Ossuary)
  10 kobold zombies (Ossuary)
  6 orc zombies (Ossuary)
  5 quokkas
  A quokka skeleton (D:2)
  A quokka zombie (D:8)
  8 rats
  A rat zombie (Ossuary)
311 creatures vanquished.

Notes
Turn   | Place    | Note
--------------------------------------------------------------
     0 | D:1      | Ijustatesigmund the Minotaur Berserker began the quest for the Orb.
     0 | D:1      | Reached XP level 1. HP: 19/19 MP: 0/0
    62 | D:1      | Reached skill level 4 in Axes
    91 | D:2      | Reached XP level 2. HP: 19/26 MP: 1/1
   206 | D:3      | Reached skill level 5 in Axes
   206 | D:3      | Reached XP level 3. HP: 17/31 MP: 2/2
   212 | D:3      | Reached ** piety under Trog
   575 | D:4      | Reached XP level 4. HP: 37/40 MP: 3/3
   608 | D:4      | Found a sand-covered staircase.
   620 | D:4      | Reached skill level 6 in Axes
   718 | Ossuary  | Entered an ossuary
   863 | Ossuary  | Reached skill level 5 in Fighting
   863 | Ossuary  | Reached XP level 5. HP: 16/48 MP: 4/4
   875 | Ossuary  | Reached skill level 7 in Axes
   875 | Ossuary  | Reached XP level 6. HP: 11/57 MP: 5/5
  1978 | D:2      | Found a deep blue altar of Sif Muna.
  2045 | D:2      | Found an ancient bone altar of Kikubaaqudgha.
  2107 | D:2      | Found a bloodstained altar of Trog.
  2435 | D:2      | Reached *** piety under Trog
  2548 | D:3      | Reached XP level 7. HP: 64/64 MP: 6/6
  3069 | D:4      | Reached skill level 8 in Axes
  3196 | D:4      | Noticed Grinder
  3206 | D:4      | Noticed Eustachio
  3210 | D:4      | Noticed Edmund
  3217 | D:4      | Killed Grinder
  3224 | D:4      | Killed Edmund
  3224 | D:4      | Reached skill level 9 in Axes
  3374 | D:4      | Found Quida's Magic Scroll Boutique.
  3422 | D:4      | Killed Eustachio
  3422 | D:4      | Reached XP level 8. HP: 66/74 MP: 7/7
  3446 | D:4      | Noticed Dowan
  3447 | D:4      | Noticed Duvessa
  3460 | D:4      | Killed Duvessa
  3462 | D:4      | Killed Dowan
  3805 | D:5      | Entered Level 5 of the Dungeon
  4189 | D:5      | Reached skill level 10 in Axes
  5089 | D:6      | Reached **** piety under Trog
  5123 | D:6      | Reached skill level 5 in Armour
  5123 | D:6      | Reached XP level 9. HP: 77/83 MP: 8/8
  5244 | D:6      | Found a radiant altar of Vehumet.
  5245 | D:6      | Found a shattered altar of Ashenzari.
  5310 | D:6      | Reached skill level 11 in Axes
  5381 | D:6      | HP: 3/83 [acid (9)]
  5666 | D:6      | Upgraded the game from 0.17.0-1-g61d176b to 0.17.0-7-gfadd4cc
  5904 | D:6      | Found a staircase to the Ecumenical Temple.
  6027 | Temple   | Entered the Ecumenical Temple
  6768 | D:7      | Reached skill level 12 in Axes
  7142 | D:8      | Found a shadowy altar of Dithmenos.
  7270 | D:8      | Noticed dorian's ghost (novice DsAK)
  7296 | D:8      | Killed dorian's ghost
  7296 | D:8      | Reached skill level 5 in Dodging
  7296 | D:8      | Reached XP level 10. HP: 64/91 MP: 9/9
  7764 | D:8      | Found a shimmering altar of Xom.
  7768 | D:8      | Reached skill level 13 in Axes
  7893 | D:9      | Reached ***** piety under Trog
  8330 | D:10     | Entered Level 10 of the Dungeon
  8570 | D:10     | Found Cimmubb's Antique Weapon Shop.
  8578 | D:10     | Bought an iridescent hand crossbow for 221 gold pieces
  8578 | D:10     | Identified the +1 hand crossbow "Ycez Bul" {elec, rC+ MP+9 Str+4 Dex+4} (You bought it in a shop on level 10 of the Dungeon)
  8739 | D:10     | Found a staircase to the Orcish Mines.
  8762 | D:10     | Noticed a hill giant
  8771 | D:10     | Killed a hill giant
  9109 | D:11     | Reached skill level 5 in Crossbows
  9141 | D:11     | Received a gift from Trog
  9144 | D:11     | Noticed a hill giant
  9151 | D:11     | Killed a hill giant
  9151 | D:11     | Reached XP level 11. HP: 97/97 MP: 10/10
  9341 | D:11     | Found a staircase to the Lair.
  9375 | D:11     | Noticed a purple ugly thing
  9390 | D:11     | Killed a purple ugly thing
  9636 | D:11     | Found an iron altar of Okawaru.
  9636 | D:11     | Noticed an orc knight
  9712 | D:11     | Noticed a centaur warrior
  9718 | D:11     | Received a gift from Trog
  9722 | D:11     | Killed a centaur warrior
  9798 | D:11     | Noticed a centaur warrior
  9811 | D:11     | Noticed a centaur warrior
  9812 | D:11     | Killed a centaur warrior
  9812 | D:11     | Reached skill level 10 in Crossbows
 10191 | D:11     | Shot with an arrow by a centaur warrior

Action                   |  1- 3 |  4- 6 |  7- 9 | 10-12 || total
-------------------------+-------+-------+-------+-------++-------
Melee: Hand axe          |    34 |   247 |   340 |       ||   621
       Battleaxe         |       |       |    74 |   159 ||   233
 Fire: Hand crossbow     |       |       |       |    23 ||    23
Invok: Berserk           |     1 |     1 |     6 |     3 ||    11
  Use: Scroll            |     2 |     8 |     5 |     7 ||    22
       Potion            |       |       |     4 |     3 ||     7
  Eat: Bread ration      |       |     1 |     1 |       ||     2
       Chunk             |       |     3 |    17 |    18 ||    38
       Beef jerky        |       |       |     1 |       ||     1
       Fruit             |       |       |     1 |       ||     1
